cohdb
Replays
Latest Replays
All Replays
Popular Replays
Top Player Replays
Match Explorer
How It Works
Community
CoH3 Stats
Reddit
Sign in to upload your games and track your stats! →
Sign in with Steam
Match 41321912
Unlisted
Match 41321912
Overview
Messages
Build Orders
End
Royal Engineer Section
Construct Section Command Post
Dingo Light Scout Car
Selects Canadian Shock Battlegroup
Selects Canadian Shock Battlegroup
Selects Canadian Shock Battlegroup
Infantry Section
Infantry Section
Grenade Package
Selects Incendiary Munitions
Infantry Section
Selects Offensive Resupply
Selects Canadian Shock Section
Construct Platoon Command Post
Humber Armored Car
Construct Field Infirmary
Selects Pyrotechnics
Infantry Training
Canadian Shock Section
Construct Company Command Post
Foot Guards Section
Selects Churchill Crocodile Heavy Tank
Crusader II Medium Tank
Selects Point Assault
Crusader II Medium Tank
6-pounder Anti-tank Gun Team
Point Assault
STALKER4732
Devochkin
Despe
PhoneyMcRing
0
0
Comments
sign in to comment!
No comments posted yet!